 Dungeon Crawl Stone Soup version 0.21.0-3-g78d12a8 (webtiles) character file.

1673 MTVSty1e the Cleaver (level 8, 0/73 HPs)
             Began as a Grey Draconian Gladiator on Jan 8, 2018.
             Was a Follower of Okawaru.
             Slain by an orc warrior
             ... wielding a +0 short sword
              (13 damage)
             ... on level 6 of the Dungeon.
             The game lasted 00:11:22 (4750 turns).

MTVSty1e the Cleaver (Grey Draconian Gladiator)     Turns: 4750, Time: 00:11:22

Health: 0/73       AC: 11    Str: 19    XL:     8   Next: 70%
Magic:  8/8        EV: 18    Int:  9    God:    Okawaru [*.....]
Gold:   266        SH:  5    Dex: 19    Spells: 7/7 levels left

rFire    . . .     SeeInvis .   a - +0 war axe
rCold    . . .     Gourm    .   r - +1 buckler
rNeg     . . .     Faith    .   (armour unavailable)
rPois    +         Spirit   .   b - +0 hat
rElec    +         Reflect  .   (no cloak)
rCorr    .         Harm     .   (no gloves)
MR       .....                  (no boots)
Stlth    +++.......             (no amulet)
HPRegen  0.22/turn              (no ring)
MPRegen  0.11/turn              m - ring of poison resistance

@: agile
A: walk through water, unfitting armour, agile 1, electricity resistance,
unbreathing, cold-blooded, subdued magic 1, AC +11
a: Heroism, Renounce Religion


You were on level 6 of the Dungeon.
You worshipped Okawaru.
Okawaru was aware of your devotion.
You were not hungry.

You visited 2 branches of the dungeon, and saw 7 of its levels.

You collected 266 gold pieces.

Inventory:

Hand Weapons
 a - a +0 war axe (weapon)
 y - a +1 hand axe of flaming
Missiles
 c - 5 throwing nets (quivered)
Armour
 b - a +0 hat (worn)
 r - a +1 buckler (worn)
Jewellery
 i - a +3 ring of evasion
 m - a ring of poison resistance (right hand)
 w - a +1 ring of evasion
Wands
 v - a wand of iceblast (5)
 A - a wand of random effects (31)
Scrolls
 g - 4 scrolls of remove curse
 n - 2 scrolls of teleportation
Potions
 e - a potion of flight
 f - 2 potions of haste {unknown}
 h - 2 potions of lignification {unknown}
 k - a potion of heal wounds
 l - a potion of ambrosia {unknown}
 s - 2 potions of curing
 u - a potion of brilliance {unknown}
Comestibles
 d - 4 rations


   Skills:
 + Level 7.3 Fighting
 * Level 9.6 Axes
 - Level 1.7 Throwing
 - Level 2.6 Dodging


You had 7 spell levels left.
You didn't know any spells.

Dungeon Overview and Level Annotations

Branches:
Dungeon (6/15)             Temple (1/1) D:4

Altars:
Dithmenos
Okawaru
Qazlal
Ru
Trog
Xom


Innate Abilities, Weirdness & Mutations

You can walk through water.
Your dull iron-grey scales are very hard. (AC +11)
You cannot fit into any form of body armour.
You can survive without breathing.
You are cold-blooded and may be slowed by cold attacks.
You are agile. (Dex +2)
You are resistant to electric shocks. (rElec)
Your spells are a little easier to cast, but a little less powerful.


Message History

You hit Ignatius881's ghost. You tail-slap Ignatius881's ghost.
You destroy Ignatius881's ghost!
Okawaru is honoured by your kill.
Your Fighting skill increases to level 7!
You barely miss the orc warrior. The orc warrior closely misses you.
The orc warrior misses you.
Found a glass wand.
Things that are here:
a club; a mace; a leather armour You hit the orc warrior.
Your tail-slap misses the orc warrior.
The orc warrior is severely wounded.
You block the orc warrior's attack.
You hit the orc warrior.
The orc warrior is almost dead.
The orc warrior hits you with a short sword!
* * * LOW HITPOINT WARNING * * *
You closely miss the orc warrior.
The orc warrior is almost dead.
The orc warrior hits you with a short sword!
You die...

#####..[### #
#.)....)..##.##.##
########.###....W<..$...#
#...........##.#.##.##.##
#......#.##.##.... #
#>.#.....##.#...#.#
#.........#.#.#. .#
#......##.#.#.## ##
###.#....o@.#.
#<...##.#.....#
#.....#.#.....#
#.......#/....#
#.##..###.....# #.# ..#
.....# #.#.#.# ######
#.#. .# #..


You could see an orc warrior.

Vanquished Creatures
  The ghost of Ignatius881 the Chopper, a novice MiBe of Trog (D:6)
  Grinder (D:4)
  2 sky beasts
  4 ogres
  A centaur (D:5)
  A howler monkey (D:4)
  A jelly (D:5)
  An orc priest (D:5)
  A bullfrog skeleton (D:4)
  3 hounds
  2 orc wizards
  An iguana (D:4)
  4 worker ants
  A worker ant zombie (D:5)
  An adder (D:3)
  3 gnolls (D:5)
  2 oozes
  An adder skeleton (D:6)
  4 worms
  5 dart slugs
  2 leopard geckos
  19 orcs
  5 bats
  4 giant cockroaches
  8 hobgoblins
  5 kobolds
  3 quokkas (D:3)
  4 ball pythons
  7 frilled lizards
  9 goblins
  A jackal skeleton (D:5)
  2 leopard gecko skeletons
  7 rats
116 creatures vanquished.

Notes
Turn   | Place    | Note
-------+----------+-------------------------------------------
     0 | D:1      | MTVSty1e the Draconian Gladiator began the quest for the Orb.
     0 | D:1      | Reached XP level 1. HP: 17/17 MP: 1/1
   183 | D:1      | Reached XP level 2. HP: 15/25 MP: 2/2
  1041 | D:2      | Reached XP level 3. HP: 30/30 MP: 3/3
  1114 | D:2      | Reached skill level 4 in Axes
  1817 | D:3      | Reached XP level 4. HP: 38/38 MP: 4/4
  2394 | D:4      | Gained mutation: You evolve. [potion of mutation]
  2396 | D:4      | Reached skill level 5 in Axes
  2398 | D:4      | Reached XP level 5. HP: 5/46 MP: 5/5
  2586 | D:4      | Found a shadowy altar of Dithmenos.
  2586 | D:4      | Found a shimmering altar of Xom.
  2591 | D:4      | Found a stormy altar of Qazlal.
  2593 | D:4      | Found a faded altar of an unknown god.
  2594 | D:4      | Found a sacrificial altar of Ru.
  2726 | D:4      | Noticed an ogre
  2729 | D:4      | Reached XP level 6. HP: 35/53 MP: 6/6
  2737 | D:4      | Reached skill level 6 in Axes
  2746 | D:4      | Noticed a sky beast
  2753 | D:4      | Found an iron altar of Okawaru.
  2758 | D:4      | Killed a sky beast
  2758 | D:4      | Reached skill level 5 in Fighting
  2758 | D:4      | Your scales start taking on a dull iron-grey colour.
  2758 | D:4      | Reached XP level 7. HP: 35/61 MP: 7/7
  2758 | D:4      | Gained mutation: You can survive without breathing. [Grey Draconian growth]
  2773 | D:4      | Became a worshipper of Warmaster Okawaru
  2888 | D:4      | Noticed Grinder
  2899 | D:4      | Paralysed by Grinder for 3 turns
  2904 | D:4      | Killed Grinder
  2904 | D:4      | Reached skill level 7 in Axes
  3148 | D:4      | Found a bloodstained altar of Trog.
  3199 | D:4      | Gained mutation: You are agile. (Dex +2) [evolution]
  3245 | D:4      | Found a staircase to the Ecumenical Temple.
  3280 | Temple   | Entered the Ecumenical Temple
  3339 | D:5      | Entered Level 5 of the Dungeon
  3457 | D:5      | Reached skill level 8 in Axes
  3600 | D:5      | Reached XP level 8. HP: 55/70 MP: 8/8
  4411 | D:5      | Lost mutation: You are agile. (Dex +2) [evolution]
  4530 | D:5      | Lost mutation: You evolve. [potion of mutation]
  4530 | D:5      | Gained mutation: Your spells are a little easier to cast, but a little less powerful. [potion of mutation]
  4530 | D:5      | Gained mutation: You are resistant to electric shocks. (rElec) [potion of mutation]
  4530 | D:5      | Gained mutation: You are agile. (Dex +2) [potion of mutation]
  4644 | D:6      | Noticed Ignatius881's ghost (novice MiBe)
  4721 | D:6      | Reached * piety under Okawaru
  4721 | D:6      | Reached skill level 9 in Axes
  4746 | D:6      | Killed Ignatius881's ghost
  4750 | D:6      | Slain by an orc warrior

Skill      XL: |  1  2  3  4  5  6  7  8 |
---------------+-------------------------+-----
Axes           | 4 5 6 8 9 |  9.6
Fighting       | 3 4 5 6 7 |  7.3
Throwing       | |  1.7
Dodging        | |  2.6

Action                   |  1- 3 |  4- 6 |  7- 9 || total
-------------------------+-------+-------+-------++-------
Melee: War axe           |   105 |   104 |   124 ||   333
       Tailslap          |    11 |    13 |    15 ||    39
       Hand axe          |       |       |    10 ||    10
  Use: Potion            |       |     3 |     3 ||     6
       Scroll            |       |       |     9 ||     9
 Stab: Sleeping          |     3 |     1 |       ||     4
       Distracted        |       |     1 |       ||     1
  Eat: Chunk             |     2 |       |       ||     2
       Ration            |       |     1 |     2 ||     3
Armor: Skin              |    28 |    14 |    45 ||    87
Dodge: Dodged            |    88 |    89 |    77 ||   254
Block: Buckler           |       |     8 |    21 ||    29
